 Dungeon Crawl Stone Soup version 0.29.1-15-g9cfb28693d (webtiles) character file.

Game seed: 2060730786962910543

942 Anriel the Magician (level 7, -11/36 HPs)
             Began as a Deep Elf Hedge Wizard on Mar 2, 2023.
             Killed by divine providence
             ... invoked by an orc priest
              (13 damage)
             ... on level 6 of the Dungeon.
             The game lasted 00:37:49 (6810 turns).

Anriel the Magician (Deep Elf Hedge Wizard)         Turns: 6810, Time: 00:37:50

Health: -11/36     AC:  4    Str:  7    XL:     7   Next: 88%
Magic:  13/16      EV: 14    Int: 26    God:
Gold:   258        SH:  0    Dex: 14    Spells: 10/16 levels left

rFire   . . .      SeeInvis +   m - +5 sling of the Cursing Gods {vorpal, Int+5}
rCold   . . .      Faith    .   b - orb {guile}
rNeg    . . .      Spirit   .   d - +0 robe
rPois   .          Reflect  .   g - +0 helmet of the Serpent {+Blink SInv}
rElec   .          Harm     .   (no cloak)
rCorr   .          Rampage  .   (no gloves)
Will    .....                   j - +0 pair of boots
Stlth   ++........              (no amulet)
HPRegen 0.12/turn               r - ring of willpower
MPRegen 0.15/turn               (no ring)

@: no status effects
A: no striking features
a: Evoke Blink


You were on level 6 of the Dungeon.
You visited 2 branches of the dungeon, and saw 7 of its levels.

You collected 258 gold pieces.

Inventory:

Hand Weapons
 m - the +5 sling of the Cursing Gods (weapon) {vorpal, Int+5}
   (You found it on level 3 of the Dungeon)

   Any ammunition fired from it inflicts extra damage upon your enemies.
   Int:       It affects your intelligence (+5).
 q - a +4 dagger
Armour
 b - an orb of guile (worn)
 c - a +0 hat
 d - a +0 robe (worn)
 g - the +0 helmet of the Serpent (worn) {+Blink SInv}
   (You acquired it on level 1 of the Dungeon)

   SInv:      It lets you see invisible.
   +Blink:    It lets you blink.
 j - a +0 pair of boots (worn)
Jewellery
 n - an amulet of regeneration
 r - a ring of willpower (left hand)
Wands
 x - a wand of polymorph (7)
Scrolls
 i - 2 scrolls of immolation
 l - 2 scrolls of amnesia
 o - a scroll of poison
Potions
 a - 3 potions of curing
 e - a potion of brilliance
 h - a potion of lignification
 k - 2 potions of might
 p - a potion of berserk rage {unknown}
 s - a potion of attraction {unknown}
 u - a potion of cancellation {unknown}
 v - 2 potions of invisibility {unknown}
 w - a potion of heal wounds {unknown}


   Skills:
 - Level 5.0 Dodging
 - Level 2.5 Stealth
 - Level 5.0 Spellcasting
 - Level 5.0 Conjurations
 + Level 4.3 Hexes
 - Level 3.0 Summonings
 + Level 3.6 Translocations
 + Level 3.6 Evocations


You had 10 spell levels left.
You knew the following spells:

 Your Spells              Type           Power      Damage    Failure   Level
a - Magic Dart            Conj           100%       1d8       1%          1
b - Blink                 Tloc           50%        N/A       2%          2
c - Slow                  Hex            100%       N/A       1%          1
d - Call Imp              Summ           22%        N/A       3%          2

Your spell library contained the following spells:

 Spells                   Type           Power      Damage    Failure   Level
 Beastly Appendage        Tmut           12%        N/A       8%          1
 Freeze                   Ice            24%        1d5       8%          1
 Conjure Flame            Conj/Fire      19%        6-21      9%          3
 Wereblood                Tmut           6%         N/A       12%         2
 Mephitic Cloud           Conj/Pois/Air  15%        N/A       12%         3
 Frozen Ramparts          Ice            12%        1d2       22%         3
 Spider Form              Tmut/Pois      6%         N/A       22%         3
 Hailstorm                Conj/Ice       19%        3d6       26%         4


Dungeon Overview and Level Annotations

Branches:
Dungeon (6/15)             Temple (1/1) D:6

Altars:
Ashenzari
Cheibriados
Dithmenos
Elyvilon
Fedhas
Gozag
Hepliaklqana
Kikubaaqudgha
Makhleb
Qazlal
Ru
Trog
Uskayaw
Vehumet
Wu Jian
Xom
Yredelemnul
Zin
The Shining One

Shops:
D:6 =

Annotations:
D:5 3 runed translucent doors, 112233's ghost, amateur TrFi
D:6 Duvessa; Edmund; Pikel


Message History

The orc priest is heavily wounded.
Casting: Magic Dart (safe; 1% risk of failure)
Confirm with . or Enter, or press ? or * to list all spells.
Aiming: Magic Dart (safe; 1% risk of failure)
Press: ? - help, Shift-Dir - straight line, f/p - orc priest
Aim: an orc priest, wielding a +0 dagger and wearing a +0 chain mail (heavily wounded, 100% to hit)
The magic dart hits the orc priest but does no damage.
The orc priest is heavily wounded.
The orc priest invokes the aid of Beogh against you.
Beogh smites you!
Casting: Magic Dart (safe; 1% risk of failure)
Confirm with . or Enter, or press ? or * to list all spells.
Aiming: Magic Dart (safe; 1% risk of failure)
Press: ? - help, Shift-Dir - straight line, f/p - orc priest
Aim: an orc priest, wielding a +0 dagger and wearing a +0 chain mail (heavily wounded, 100% to hit)
Okay, then.
Casting: Magic Dart (safe; 1% risk of failure)
Confirm with . or Enter, or press ? or * to list all spells.
You blink.
The orc priest casts a cantrip, but nothing happens.
Edmund hits you with a +0 dire flail of holy wrath!
* * * LOW HITPOINT WARNING * * *
The orc priest attacks as you move away!
The orc priest hits you with a +0 dagger.
* * * LOW HITPOINT WARNING * * *
Duvessa, Sister of Dowan comes into view.
She is wielding a +0 short sword.
The orc priest attacks as you move away!
The orc priest hits you with a +0 dagger.
* * * LOW HITPOINT WARNING * * *
You feel stable enough to blink again.
Edmund is no longer moving slowly.
The orc priest casts a cantrip, but nothing happens.
You feel better.
Duvessa goes berserk!
The orc priest mumbles some strange prayers to Beogh against you.
Beogh smites you!
* * * LOW HITPOINT WARNING * * *
Duvessa rages.
The orc priest mumbles some strange prayers to Beogh against you.
Beogh smites you!
You die...

. ####.##).?.#.#...#.### . #.
####..∩$.......# . #.
###.#.......# . ##
#....e....# #
#..######......#
#.......#######
###################o..#######
Soh........#######..........#
##########>...))@...........#
#########....).....#
############


You could see an orc priest.

Vanquished Creatures
  A black bear (D:6)
  2 ogres (D:4)
  A necrophage (D:5)
  Dowan (D:6)
  3 jellies
  A hound (D:6)
  A gnoll bouda (D:6)
  An orc priest (D:3)
  2 iguanas (D:6)
  An orc wizard (D:3)
  2 hound zombies (D:3)
  A hound skeleton (D:3)
  2 gnolls (D:6)
  6 adders
  A white imp (D:5)
  2 ufetubi
  2 adder skeletons (D:3)
  3 worms
  3 dart slugs
  10 orcs
  8 bats
  6 endoplasms
  3 giant cockroaches
  7 hobgoblins
  9 jackals
  3 quokkas
  8 ball pythons
  A ball python zombie (D:3)
  4 frilled lizards
  6 goblins
  4 kobolds
  A quokka skeleton (D:3)
  2 rats (D:1)
108 creatures vanquished.

Vanquished Creatures (collateral kills)
  2 orc priests (D:5)
  2 orcs (D:5)
  A goblin (D:2)
5 creatures vanquished.

Vanquished Creatures (others)
  8 plants
  2 withered plants (D:3)
10 creatures vanquished.

Grand Total: 123 creatures vanquished

Notes
Turn   | Place    | Note
-------+----------+-------------------------------------------
     0 | D:1      | Anriel the Deep Elf Hedge Wizard began the quest for the
                  | Orb.
     0 | D:1      | Reached XP level 1. HP: 10/10 MP: 7/7
   536 | D:1      | Reached XP level 2. HP: 1/15 MP: 2/9
  1233 | D:1      | Found a faded altar of an unknown god.
  1699 | D:1      | Reached XP level 3. HP: 19/19 MP: 3/11
  1852 | D:1      | Identified a scroll of acquirement
  1852 | D:1      | Acquired the +0 helmet of the Serpent {+Blink SInv}
  1994 | D:2      | Reached skill level 5 in Spellcasting
  2000 | D:2      | Learned a level 2 spell: Blink
  2002 | D:2      | Learned a level 1 spell: Slow
  2005 | D:2      | Learned a level 2 spell: Call Imp
  3101 | D:3      | Reached XP level 4. HP: 21/24 MP: 13/13
  3168 | D:3      | Identified the +5 sling of the Cursing Gods {vorpal, Int+5}
  3251 | D:3      | Reached XP level 5. HP: 21/28 MP: 7/14
  3634 | D:3      | Found a shadowy altar of Dithmenos.
  4548 | D:4      | Reached skill level 1 in Hexes
  4566 | D:4      | Noticed an ogre
  4572 | D:4      | Killed an ogre
  4573 | D:4      | Reached skill level 5 in Dodging
  4573 | D:4      | Reached XP level 6. HP: 26/32 MP: 13/15
  4617 | D:4      | Reached skill level 1 in Evocations
  4880 | D:5      | Entered Level 5 of the Dungeon
  4957 | D:5      | Found a burning altar of Makhleb.
  5126 | D:5      | Reached XP level 7. HP: 33/36 MP: 16/16
  5153 | D:5      | Noticed 112233's ghost (amateur TrFi)
  5489 | D:5      | Found a runed translucent gate.
  5490 | D:5      | Found a runed translucent gate.
  5491 | D:5      | Found a runed translucent gate.
  5740 | D:6      | Reached skill level 5 in Conjurations
  5742 | D:6      | Noticed Pikel
  5784 | D:6      | Noticed Edmund
  5789 | D:6      | Found a staircase to the Ecumenical Temple.
  5795 | Temple   | Entered the Ecumenical Temple
  6593 | D:6      | HP: 1/36 [orc priest/divine providence (12)]
  6604 | D:6      | Found Sympiec's Jewellery Shop.
  6627 | D:6      | Noticed Dowan
  6658 | D:6      | Killed Dowan
  6803 | D:6      | Noticed Duvessa
  6810 | D:6      | Killed from afar by an orc priest

Illustrated notes

Levels and vault maps discovered:
D:1:      dpeg_arrival_brainrot, layout_loops_ring,
          shapermc_ecumenical_altar_mp_ritualfount
D:2:      layout_basic, amcnicky_mini_pool_small
D:3:      layout_basic, grunt_dithmenos_smoke, serial_undead, serial_undead_d,
          serial_undead_d, serial_undead_c, serial_undead_c, serial_undead_f,
          serial_undead_b, hangedman_abyss_or_decor_stabs, minmay_misc_feat_rows
D:4:      layout_basic, minmay_fractal_squares_diagonal_5
D:5:      layout_cave_pools, kennysheep_mini_moat, gammafunk_ghost_icy
D:6:      layout_rooms, minmay_temple_entry_gardened_gates, serial_shops,
          nicolae_shop_crystal, uniq_grinder, uniq_duvessa, uniq_pikel,
          uniq_edmund
Temple:   nicolae_temple_bog_church

Skill      XL: |  1  2  3  4  5  6  7 |
---------------+----------------------+-----
Dodging        | 3 4 5 |  5.0
Conjurations   | 2 3 4 5 |  5.0
Spellcasting   | 5 |  5.0
Summonings     | 2 3 |  3.0
Hexes          | 2 3 4 |  4.3
Evocations     | 1 3 |  3.6
Translocations | 3 |  3.6
Stealth        | |  2.5

Action                   |  1- 3 |  4- 6 |  7- 9 || total
-------------------------+-------+-------+-------++-------
Melee: Dagger            |    29 |       |       ||    29
 Fire: Sling             |       |    87 |    75 ||   162
 Cast: Magic Dart        |   128 |    65 |    28 ||   221
       Call Imp          |     1 |       |     3 ||     4
       Slow              |       |     4 |    10 ||    14
       Blink             |       |       |     2 ||     2
 Abil: Evoke Blink       |     1 |       |       ||     1
  Use: Potion            |     1 |       |     5 ||     6
       Scroll            |     7 |     9 |     5 ||    21
 Stab: Sleeping          |     1 |       |       ||     1
Armor: Robe              |    12 |     9 |     7 ||    28
Dodge: Dodged            |    28 |    27 |    38 ||    93
